 Dungeon Crawl Stone Soup version 0.28.0-45-g0d030f2227 (webtiles) character file.

Game seed: 13563304249291989646

9755 101zpm the Thaumaturge (level 11, 0/72 HPs)
             Began as a Djinni Ice Elementalist on Apr 12, 2022.
             Was an Initiate of Gozag.
             Slain by a seven-headed hydra (12 damage)
             ... on level 13 of the Dungeon.
             The game lasted 01:18:04 (18257 turns).

101zpm the Thaumaturge (Djinni Ice Elementalist)   Turns: 18257, Time: 01:18:05

Health: 0/72       AC: 18    Str: 10    XL:     11   Next: 80%
Gold:   1289       EV: 13    Int: 21    God:    Gozag SH:  6 Dex: 14

rFire   + + .      SeeInvis .   I - +3 flail (drain)
rCold   x . .      Faith    .   K - +2 buckler
rNeg    . . .      Spirit   .   A - +1 leather armour {Will+}
rPois   ∞          Reflect  .   v - +0 helmet
rElec   .          Harm     .   (no cloak)
rCorr   .          Rampage  .   J - +0 pair of gloves {Str+3}
Will    ++...                   (boots unavailable)
Stlth   ++........              L - amulet of the acrobat
HPRegen 0.22/turn               e - ring of wizardry
MPRegen 0.00/turn               R - +4 ring of protection

@: ice-armoured, gold aura, freezing walls, flying
A: sickness immunity, fire resistance 2, cold vulnerability 1, float, innate
caster, HP casting, extra vitality 1
a: Renounce Religion, Potion Petition, Call Merchant, Bribe Branch


You were on level 13 of the Dungeon.
You worshipped Gozag.
Gozag was most pleased with you.
You visited 3 branches of the dungeon, and saw 14 of its levels.

You collected 1417 gold pieces.
You paid 128 gold pieces to Gozag.

Inventory:

Hand Weapons
 I - a +3 flail of draining (weapon)
 O - a +3 hand axe
Missiles
 n - 40 sling bullets
 w - 100 bolts
 E - 13 poisoned darts
 F - 136 stones
Armour
 a - a +0 robe
 v - a +0 helmet (worn)
 A - a +1 leather armour of willpower (worn)
 J - a +0 pair of gloves of strength (worn)
 K - a +2 buckler (worn)
Magical Staves
 c - a staff of poison
Jewellery
 e - a ring of wizardry (left hand)
 i - a ring of protection from cold
 q - a +6 ring of strength
 L - an amulet of the acrobat (around neck)
 R - a +4 ring of protection (right hand)
Wands
 m - a wand of acid (8)
 u - a wand of flame (38)
 H - a wand of digging (3)
 M - a wand of charming (4)
 P - a wand of iceblast (6)
Scrolls
 b - 3 scrolls of amnesia
 d - 3 scrolls of vulnerability
 j - a scroll of fear
 k - 2 scrolls of immolation
 o - a scroll of enchant weapon {unknown}
 s - 3 scrolls of enchant armour {unknown}
 t - 3 scrolls of teleportation {unknown}
 z - a scroll of blinking {unknown}
 G - a scroll of brand weapon {unknown}
Potions
 f - 2 potions of degeneration {unknown}
 g - 3 potions of curing {unknown}
 h - 3 potions of brilliance
 l - 2 potions of flight {unknown}
 p - a potion of resistance {unknown}
 x - a potion of invisibility {unknown}
 B - a potion of heal wounds
 C - a potion of magic {unknown}
 D - 3 potions of lignification {unknown}
 N - a potion of attraction {unknown}
 Q - a potion of haste {unknown}


   Skills:
 + Level 3.7 Fighting
 + Level 0.7(1.0) Maces & Flails
 + Level 1.0(1.2) Staves
 + Level 0.7 Throwing
 + Level 4.3 Armour
 + Level 5.2 Dodging
 + Level 4.1 Stealth
 + Level 2.1 Shields
 + Level 0.5 Unarmed Combat
 + Level 12.0 Spellcasting
 + Level 2.0 Evocations


You had 9 spell levels left.
You knew the following spells:

 Your Spells              Type           Power      Damage    Failure   Level
a - Freeze                Ice            100%       1d11      1%          1
b - Frozen Ramparts       Ice            100%       1d12      1%          3
c - Ozocubu's Armour      Ice            59%        N/A       1%          3
d - Hailstorm             Conj/Ice       59%        3d13      1%          4
e - Summon Small Mammal   Summ           100%       N/A       1%          1
f - Wereblood             Tmut           59%        N/A       1%          2
g - Poisonous Vapours     Pois/Air       100%       N/A       1%          2
h - Cause Fear            Hex            29%        N/A       1%          4
i - Lightning Bolt        Conj/Air       29%        1d46      1%          5
Your spell library was empty.

Dungeon Overview and Level Annotations

Branches:
Dungeon (11/15)            Temple (1/1) D:5            Lair (0/6) D:8
    Orc (1/2) D:9

Altars:
Ashenzari
Cheibriados
Dithmenos
Elyvilon
Fedhas
Gozag
Hepliaklqana
Kikubaaqudgha
Makhleb
Nemelex Xobeh
Okawaru
Qazlal
Ru
Sif Muna
Trog
Uskayaw
Vehumet
Wu Jian
Xom
Yredelemnul
Zin
The Shining One


Innate Abilities, Weirdness & Mutations

You are immune to sickness and miasma.
You are immune to poison.
Your flesh is very heat resistant. (rF++)
You are vulnerable to cold. (rC-)
You float through the air rather than walking.
You learn spells naturally, not from books.
Your magical power is your life essence.
You have superior vitality. (+4 MHP)


Message History

The seven-headed hydra is distracted by your dazzling golden aura.
The shadow completely resists.
The wall freezes the shadow but does no damage.
The shadow hits you.
Your bat barely misses the seven-headed hydra.
The wall freezes the seven-headed hydra.
The seven-headed hydra is no longer distracted by gold.
The seven-headed hydra roars!
The seven-headed hydra bites you but does no damage.
The seven-headed hydra barely misses you.
The seven-headed hydra completely misses you.
The seven-headed hydra bites you!
You block the seven-headed hydra's attack. x2
The seven-headed hydra bites you.
Your Spellcasting skill increases to level 12!
Your bat hits the seven-headed hydra.
Your quokka bites the seven-headed hydra.
The shadow completely resists.
The wall freezes the shadow but does no damage.
The shadow slips into darkness.
The shadow flickers and vanishes!
Deactivating autopickup; reactivate with Ctrl-A.
A catoblepas comes into view.
Your quokka bites the seven-headed hydra.
Aiming: Poisonous Vapours (safe; 1% risk of failure)
Press: ? - help, Q - select action, (/) - cycle Dir - move target, f - catoblepas
Aim: a catoblepas (wandering, hasn't noticed you) Poisonous vapours surround the catoblepas!
The catoblepas looks as sick as possible!
The catoblepas bellows!
Your bat hits the seven-headed hydra.
The wall freezes the seven-headed hydra!
The seven-headed hydra seems to slow down.
The seven-headed hydra bites you. The seven-headed hydra bites you!
* * * LOW HITPOINT WARNING * * *
The seven-headed hydra bites you.
* * * LOW HITPOINT WARNING * * *
The seven-headed hydra bites you!
You die...
Your body crumbles into a pile of gold.

### .
## .. .
#..#.
#.
#...#
#. #?#.
.#
$#$.#b#
#rD.#
#@#
#.{##
#...#
#.###
.Y $


You could see a catoblepas (extremely poisoned), a seven-headed hydra (slow,
ally target), a friendly quokka (summoned) and a friendly bat (summoned).

Vanquished Creatures
  3 boulder beetles (D:13)
  3 death yaks (D:8)
  An orc sorcerer (D:9)
  Psyche (D:8)
  2 trolls
  14 yaks
  A warg (D:9)
  Menkaure (D:6)
  Edmund (D:6)
  A water moccasin (D:6)
  2 hornet zombies
  2 ice beasts
  2 sky beasts
  A black bear (D:5)
  A necrophage (D:4)
  An ogre (D:7)
  3 kobold brigands
  2 bullfrogs
  A wyvern skeleton (D:7)
  3 killer bees (D:10)
  A howler monkey (D:4)
  A hound (D:6)
  6 orc priests
  A jelly (D:4)
  Ijyb (D:4)
  5 iguanas
  6 orc wizards
  A hell rat (D:8)
  3 gnolls
  4 river rats
  11 adders
  A shadow imp (D:5)
  2 ufetubi
  2 worms
  A dart slug (D:3)
  18 orcs
  A ball python (D:4)
  2 bats
  6 endoplasms
  3 giant cockroaches
  8 goblins
  9 hobgoblins
  3 jackals (D:3)
  A quokka (D:8)
  3 frilled lizards
  21 kobolds
  12 rats
179 creatures vanquished.

Vanquished Creatures (collateral kills)
  A yak (D:10)
  An ogre (Orc:1)
  A scorpion (D:6)
  A howler monkey (D:9)
  2 centaur zombies
  2 bullfrog skeletons
  An orc wizard (D:9)
  A scorpion zombie (D:5)
  2 white imps
  A worm (D:6)
  A kobold (D:10)
14 creatures vanquished.

Vanquished Creatures (others)
  An orc wizard (D:9)
  A plant (D:6)
2 creatures vanquished.

Grand Total: 195 creatures vanquished

Notes
Turn   | Place    | Note
-------+----------+-------------------------------------------
     0 | D:1      | 101zpm the Djinni Ice Elementalist began the quest for the
                  | Orb.
     0 | D:1      | Reached XP level 1. HP: 15/15 MP: 0/0
   187 | D:1      | Reached XP level 2. HP: 11/21 MP: 0/0
   866 | D:2      | Reached XP level 3. HP: 19/25 MP: 0/0
   866 | D:2      | Learned a level 1 spell: Summon Small Mammal
   987 | D:2      | Found a basalt altar of Yredelemnul.
  2413 | D:3      | Reached XP level 4. HP: 29/31 MP: 0/0
  2903 | D:4      | Reached skill level 1 in Fighting
  3255 | D:4      | Reached skill level 4 in Spellcasting
  3300 | D:4      | Reached XP level 5. HP: 33/37 MP: 0/0
  3300 | D:4      | Learned a level 2 spell: Wereblood
  3479 | D:4      | Reached XP level 6. HP: 25/43 MP: 0/0
  3502 | D:4      | HP: 1/43 [orc/+0 trident (4)]
  3832 | D:5      | Entered Level 5 of the Dungeon
  3977 | D:5      | Noticed a black bear
  3994 | D:4      | Noticed a necrophage
  4028 | D:4      | Noticed Ijyb
  4038 | D:4      | Killed Ijyb
  4043 | D:4      | Killed a necrophage
  4044 | D:4      | Reached skill level 5 in Spellcasting
  4870 | D:2      | Reached XP level 7. HP: 44/49 MP: 0/0
  4870 | D:2      | Learned a level 2 spell: Poisonous Vapours
  6531 | D:5      | Reached skill level 1 in Armour
  6920 | D:5      | Found a staircase to the Ecumenical Temple.
  6991 | Temple   | Entered the Ecumenical Temple
  7248 | Temple   | Became a worshipper of Gozag Ym Sagoz the Greedy
  8023 | D:6      | Reached XP level 8. HP: 46/55 MP: 0/0
  8042 | D:6      | Reached skill level 6 in Spellcasting
  9004 | D:6      | Noticed Edmund
  9011 | D:6      | Noticed Menkaure
  9016 | D:6      | Killed Edmund
  9026 | D:6      | Killed Menkaure
  9027 | D:6      | Reached skill level 7 in Spellcasting
  9795 | D:7      | Reached skill level 1 in Staves
  9795 | D:7      | Reached XP level 9. HP: 42/59 MP: 0/0
  9795 | D:7      | Learned a level 4 spell: Cause Fear
 10055 | D:6      | Reached skill level 1 in Evocations
 11286 | D:7      | Found a hazy altar of Hepliaklqana.
 11769 | D:8      | Reached skill level 1 in Shields
 11769 | D:8      | Reached skill level 8 in Spellcasting
 12023 | D:8      | Noticed a death yak
 12029 | D:8      | Noticed a death yak
 12034 | D:8      | Noticed a death yak
 12308 | D:8      | Found a staircase to the Lair.
 12354 | D:8      | Noticed a troll
 12364 | D:8      | Killed a troll
 12509 | D:8      | Noticed Psyche
 12520 | D:8      | Killed Psyche
 13207 | D:9      | Reached XP level 10. HP: 41/67 MP: 0/0
 13470 | D:9      | Reached skill level 9 in Spellcasting
 14619 | D:9      | Found a staircase to the Orcish Mines.
 14782 | D:9      | Reached skill level 10 in Spellcasting
 14953 | D:10     | Entered Level 10 of the Dungeon
 15950 | Orc:1    | Entered Level 1 of the Orcish Mines
 16103 | Orc:1    | Noticed an orc knight
 16108 | Orc:1    | Noticed an orc sorcerer
 16302 | Orc:1    | Noticed a smoke demon
 16305 | Orc:1    | Noticed a soul eater
 16308 | D:9      | Killed an orc sorcerer
 16867 | D:9      | HP: 3/67 [warg[an orc knight] (9)]
 17384 | D:8      | Killed a death yak
 17385 | D:8      | Reached XP level 11. HP: 25/71 MP: 0/0
 17385 | D:8      | Learned a level 5 spell: Lightning Bolt
 17385 | D:8      | Killed a death yak
 17386 | D:8      | Reached skill level 11 in Spellcasting
 17386 | D:8      | Killed a death yak
 17387 | D:8      | Reached skill level 5 in Dodging
 17884 | D:11     | Noticed a white ugly thing
 17884 | D:11     | Noticed a two-headed ogre
 18237 | D:11     | You are sucked into a shaft and drop 2 floors!
 18237 | D:13     | Noticed a boulder beetle
 18238 | D:13     | Noticed a boulder beetle
 18244 | D:13     | Killed a boulder beetle
 18244 | D:13     | Killed a boulder beetle
 18244 | D:13     | Noticed a boulder beetle
 18245 | D:13     | Noticed a seven-headed hydra
 18255 | D:13     | Killed a boulder beetle
 18256 | D:13     | Reached skill level 12 in Spellcasting
 18256 | D:13     | Noticed a catoblepas
 18257 | D:13     | Slain by a seven-headed hydra

Illustrated notes

Levels and vault maps discovered:
D:1:      scummos_arrival_hexagon, layout_basic,
          shapermc_ecumenical_altar_acropolis
D:2:      layout_basic, basic_altar, corexii_hall_statues_deadend,
          grunt_ministairs_1, minmay_pentomino_q4
D:3:      layout_basic
D:4:      layout_cave_pools, uniq_ijyb
D:5:      layout_cave_pools, minmay_temple_entry_hall, minmay_misc_feat_iff,
          minmay_misc_feat_room, hangedman_decor_growths, glass_columns_b
D:6:      layout_loops_ring, lightli_sewer_entry_pipes, corexii_shack,
          uniq_edmund, uniq_menkaure
D:7:      layout_loops_ring, lemuel_crystal_altar, enter_bailey_2
D:8:      layout_cave_pools, dpeg_lair_monsters, uniq_psyche
D:9:      layout_roguey, orc_0_dummy, nicolae_benzene_ring
D:10:     layout_layer_cave
D:11:     layout_loops_corners
D:13:     minmay_ornate_pinched, layout_basic
Temple:   mainiacjoe_temple_hex_bubbles
Orc:1:    layout_caves

Skill      XL: |  1  2  3  4  5  6  7  8  9 10 11 |
---------------+----------------------------------+-----
Stealth        | 2 3 4 |  4.1
Fighting       | 1 2 3 |  3.7
Spellcasting   | 4 5 7 8 10 12 | 12.0
Dodging        | 3 4 5 |  5.2
Armour         | 1 3 4 |  4.3
Staves         | 1 |  1.0
Evocations     | 2 |  2.0
Shields        | 1 2 |  2.1
Maces & Flails | |  0.7
Throwing       | |  0.7
Unarmed Combat | |  0.5

Action                   |  1- 3 |  4- 6 |  7- 9 | 10-12 || total
-------------------------+-------+-------+-------+-------++-------
Melee: Unarmed           |    13 |       |       |       ||    13
       Staff             |     4 |     3 |    31 |       ||    38
       Punch             |       |       |     1 |       ||     1
       Flail             |       |       |     6 |     4 ||    10
Throw: Dart              |       |       |       |     2 ||     2
       Throwing net      |       |       |       |     1 ||     1
 Cast: Freeze            |    54 |    41 |    60 |    19 ||   174
       Frozen Ramparts   |       |    11 |    47 |    21 ||    79
       Summon Small Mamm |       |    10 |    59 |    47 ||   116
       Ozocubu's Armour  |       |     1 |     2 |     8 ||    11
       Hailstorm         |       |     1 |       |     3 ||     4
       Poisonous Vapours |       |       |    52 |    58 ||   110
       Wereblood         |       |       |     6 |     1 ||     7
       Cause Fear        |       |       |     1 |     3 ||     4
       Lightning Bolt    |       |       |       |     3 ||     3
Invok: Potion Petition   |       |       |     1 |       ||     1
Evoke: Wand              |       |       |    26 |       ||    26
  Use: Scroll            |       |       |     3 |     3 ||     6
       Potion            |       |       |       |     5 ||     5
Armor: Robe              |     9 |    17 |       |       ||    26
       Leather armour    |       |       |    51 |    22 ||    73
Dodge: Dodged            |    31 |    38 |   121 |    54 ||   244
Block: Buckler           |       |       |    18 |    25 ||    43
